 Dungeon Crawl Stone Soup version 0.21-a0-531-gacddea6 (webtiles) character file.

271 teukkam the Charmwright (level 6, -1/47 HPs)
             Began as a Gnoll Wanderer on Dec 13, 2017.
             Slain by an ice beast (8 damage)
             ... on level 4 of the Dungeon.
             The game lasted 00:11:58 (3052 turns).

teukkam the Charmwright (Gnoll Wanderer)            Turns: 3052, Time: 00:11:58

Health: -1/47      AC:  6    Str: 14    XL:     6   Next: 23%
Magic:  4/11       EV: 12    Int: 18    God:
Gold:   116        SH:  0    Dex: 13    Spells: 7/11 levels left

rFire    . . .     SeeInvis .   a - +2 dagger (protect)
rCold    . . .     Gourm    .   (no shield)
rNeg     . . .     Faith    .   k - +0 leather armour
rPois    .         Spirit   .   s - +2 helmet
rElec    .         Reflect  .   (no cloak)
rCorr    .         Harm     .   (no gloves)
MR       +....                  (no boots)
Stlth    ++........             (no amulet)
HPRegen  0.15/turn              r - ring of protection from magic
MPRegen  0.12/turn              (no ring)

@: very slightly contaminated
A: distributed training, fangs 1, strong nose
a: no special abilities


You were on level 4 of the Dungeon.
You were not hungry.

You visited 1 branch of the dungeon, and saw 5 of its levels.

You collected 116 gold pieces.

Inventory:

Hand Weapons
 a - a +2 dagger of protection (weapon)
 d - a +0 club
 j - a +0 dagger
Armour
 i - a +1 chain mail of fire resistance
 k - a +0 leather armour (worn)
 s - a +2 helmet (worn)
Magical Staves
 b - an uncursed staff of energy
Jewellery
 r - a ring of protection from magic (left hand)
Scrolls
 g - a scroll of amnesia {unknown}
 h - 2 scrolls of enchant armour {unknown}
 l - 6 scrolls of identify {unknown}
 o - 2 scrolls of teleportation {unknown}
 u - a scroll of enchant weapon {unknown}
 x - a scroll of immolation {unknown}
 y - a scroll of magic mapping {unknown}
Potions
 c - 4 potions of curing
 e - 2 potions of flight
 p - a potion of haste {unknown}
 t - a potion of might {unknown}
 w - 2 potions of agility {unknown}
Books
 q - the Incunabulum of the Arsonist

   Spells                             Type                      Level
   a - Flame Tongue                   Conjuration/Fire             1
   b - Conjure Flame                  Conjuration/Fire             3
Comestibles
 f - a bread ration
 m - 2 meat rations
 n - a fruit
 v - 3 chunks of flesh
 z - a royal jelly


   Skills:
 + Level 3.1 Fighting
 + Level 1.8 Short Blades
 + Level 1.8 Long Blades
 + Level 3.1 Axes
 + Level 1.8 Maces & Flails
 + Level 1.8 Polearms
 + Level 1.8 Staves
 + Level 1.8 Slings
 + Level 1.8 Bows
 + Level 1.8 Crossbows
 + Level 1.8 Throwing
 + Level 3.1 Armour
 + Level 1.8 Dodging
 + Level 1.8 Stealth
 + Level 3.1 Shields
 + Level 1.8 Unarmed Combat
 + Level 3.3 Spellcasting
 + Level 1.4 Conjurations
 + Level 1.4 Hexes
 + Level 5.6 Charms
 + Level 2.5 Summonings
 + Level 1.4 Necromancy
 + Level 1.4 Translocations
 + Level 1.4 Transmutations
 + Level 1.4 Fire Magic
 + Level 1.4 Ice Magic
 + Level 1.4 Air Magic
 + Level 1.4 Earth Magic
 + Level 1.4 Poison Magic
 + Level 2.0 Invocations
 + Level 3.1 Evocations


You had 7 spell levels left.
You knew the following spells:

 Your Spells              Type           Power        Failure   Level  Hunger
a - Flame Tongue          Conj/Fire      #....        11%         1    None
b - Conjure Flame         Conj/Fire      #.......     32%         3    ###....


Dungeon Overview and Level Annotations

Branches:
Dungeon (5/15)
 Temple: D:4-7

Altars:
Nemelex Xobeh
The Shining One

Shops:
D:4 :

Annotations:
D:5 Dowan


Innate Abilities, Weirdness & Mutations

Your experience applies equally to all skills.
You have very sharp teeth.
Your uncanny sense of smell can sniff out nearby items.


Message History

* * * LOW HITPOINT WARNING * * *
Casting: Flame Tongue
Confirm with . or Enter, or press ? or * to list all spells.
Aiming: Flame Tongue
Press: ? - help, Shift-Dir - straight line, f/p - ice beast
Aim: an ice beast (severely wounded)
The flame tongue misses the ice beast.
The ice beast misses you.
You feel better. The ice beast hits you.
* * * LOW HITPOINT WARNING * * *
The ice beast freezes you.
* * * LOW HITPOINT WARNING * * *
Casting: Flame Tongue
Confirm with . or Enter, or press ? or * to list all spells.
Aiming: Flame Tongue
Press: ? - help, Shift-Dir - straight line, f/p - ice beast
Aim: an ice beast (severely wounded)
You miscast Flame Tongue.
Nothing appears to happen.
The ice beast hits you.
* * * LOW HITPOINT WARNING * * *
The ice beast freezes you!
You die...

...........#######..#
#.####.##..........##
..####..#..#.#####.#
...........#.# #.#
#.#####......# #.#
....###......# #.#
#........>...# #.#
###.###.....######.#
###.#..........Y@..#
..#.......##########
#.###.#.### #...>...#
#.####### ..# ###


You could see an ice beast.

Vanquished Creatures
  A howler monkey (D:4)
  A centaur skeleton (D:4)
  2 iguanas
  2 worker ants (D:4)
  A hound skeleton (D:4)
  5 adders
  2 oozes
  A dart slug (D:1)
  A leopard gecko (D:1)
  3 orcs (D:4)
  2 ball pythons (D:3)
  3 bats
  A giant cockroach (D:1)
  3 goblins
  4 hobgoblins
  2 frilled lizards
  A jackal skeleton (D:4)
  6 kobolds
  3 rats
44 creatures vanquished.

Notes
Turn   | Place    | Note
-------+----------+-------------------------------------------
     0 | D:1      | teukkam the Gnoll Wanderer began the quest for the Orb.
     0 | D:1      | teukkam set off with: a +2 scale mail, the Incunabulum of the Arsonist, a potion of curing, a +0 club, a bread ration
     0 | D:1      | Reached XP level 1. HP: 17/17 MP: 4/4
     0 | D:1      | Identified the Incunabulum of the Arsonist
     2 | D:1      | Learned a level 1 spell: Flame Tongue
   366 | D:1      | Reached XP level 2. HP: 23/23 MP: 5/5
   918 | D:1      | Reached XP level 3. HP: 24/28 MP: 7/7
  1316 | D:3      | Reached skill level 1 in Invocations
  1359 | D:3      | Found a sparkling altar of Nemelex Xobeh.
  1370 | D:3      | Reached skill level 1 in Short Blades
  1370 | D:3      | Reached skill level 1 in Long Blades
  1370 | D:3      | Reached skill level 1 in Maces & Flails
  1370 | D:3      | Reached skill level 1 in Polearms
  1370 | D:3      | Reached skill level 1 in Staves
  1370 | D:3      | Reached skill level 1 in Slings
  1370 | D:3      | Reached skill level 1 in Bows
  1370 | D:3      | Reached skill level 1 in Crossbows
  1370 | D:3      | Reached skill level 1 in Throwing
  1370 | D:3      | Reached skill level 1 in Dodging
  1370 | D:3      | Reached skill level 1 in Stealth
  1370 | D:3      | Reached skill level 1 in Unarmed Combat
  1370 | D:3      | Reached XP level 4. HP: 32/34 MP: 3/8
  1461 | D:3      | Learned a level 3 spell: Conjure Flame
  1604 | D:3      | Reached skill level 1 in Conjurations
  1604 | D:3      | Reached skill level 1 in Hexes
  1604 | D:3      | Reached skill level 1 in Necromancy
  1604 | D:3      | Reached skill level 1 in Translocations
  1604 | D:3      | Reached skill level 1 in Transmutations
  1604 | D:3      | Reached skill level 1 in Fire Magic
  1604 | D:3      | Reached skill level 1 in Ice Magic
  1604 | D:3      | Reached skill level 1 in Air Magic
  1604 | D:3      | Reached skill level 1 in Earth Magic
  1604 | D:3      | Reached skill level 1 in Poison Magic
  2080 | D:4      | Found a glowing golden altar of the Shining One.
  2082 | D:5      | Entered Level 5 of the Dungeon
  2083 | D:5      | Noticed Dowan
  2168 | D:4      | Reached XP level 5. HP: 14/40 MP: 0/9
  2676 | D:4      | Found Iquafees's Book Shoppe.
  2828 | D:4      | Reached XP level 6. HP: 40/47 MP: 0/10
  3040 | D:4      | Noticed an ice beast
  3052 | D:4      | Slain by an ice beast

Vault maps used:
D:1:      dpeg_arrival_rooms_a, kennysheep_nondescript
D:2:      minmay_overflow_temple_star_quad, general_overflow_altar, first_bread
D:3:      nemelex_xobeh_ov_fountains_minmay
D:4:      overflow_temple_1_default, serial_shops, kennysheep_mini_moat
D:5:      cheibrodos_iron_armory, lemuel_doored_altar, hangedman_decor_points,
          minmay_misc_feat_tower, uniq_duvessa, uniq_blork_the_orc, uniq_edmund

Skill      XL: |  1  2  3  4  5  6 |
---------------+-------------------+-----
Summonings     | 2 |  2.5
Invocations    | 1 2 |  2.0
Short Blades   | 1 |  1.8
Long Blades    | 1 |  1.8
Maces & Flails | 1 |  1.8
Polearms       | 1 |  1.8
Staves         | 1 |  1.8
Slings         | 1 |  1.8
Bows           | 1 |  1.8
Crossbows      | 1 |  1.8
Throwing       | 1 |  1.8
Dodging        | 1 |  1.8
Stealth        | 1 |  1.8
Unarmed Combat | 1 |  1.8
Spellcasting   | 3 |  3.3
Conjurations   | 1 |  1.4
Hexes          | 1 |  1.4
Necromancy     | 1 |  1.4
Translocations | 1 |  1.4
Transmutations | 1 |  1.4
Fire Magic     | 1 |  1.4
Ice Magic      | 1 |  1.4
Air Magic      | 1 |  1.4
Earth Magic    | 1 |  1.4
Poison Magic   | 1 |  1.4
Fighting       | 3 |  3.1
Axes           | 3 |  3.1
Armour         | 3 |  3.1
Shields        | 3 |  3.1
Evocations     | 3 |  3.1
Charms         | |  5.6

Action                   |  1- 3 |  4- 6 || total
-------------------------+-------+-------++-------
Melee: Club              |    47 |       ||    47
       Bite              |    15 |     4 ||    19
       Dagger            |    88 |    23 ||   111
       Staff             |       |    19 ||    19
 Cast: Flame Tongue      |     9 |    59 ||    68
       Conjure Flame     |       |     1 ||     1
Evoke: Staff of energy   |       |     2 ||     2
  Use: Potion            |     1 |     2 ||     3
 Stab: Sleeping          |       |     5 ||     5
  Eat: Chunk             |     1 |     3 ||     4
       Fruit             |       |     3 ||     3
Armor: Scale mail        |    30 |       ||    30
       Chain mail        |    47 |       ||    47
       Leather armour    |     3 |    25 ||    28
Dodge: Dodged            |    60 |    56 ||   116

Table legend:
 A = Spawn XP
 B = Non-spawn XP
 C = Spawn XP percentage of total XP
 D = Spawn monster count
 E = Non-spawn monster count
 F = Spawn count percentage of total count
 G = Total turns spent on level
                    A         B        C        D         E        F      G
               +---------+---------+-------+---------+---------+-------+---------
         Total |       0 |     388 |   0.0 |       0 |      44 |   0.0 |  3052
               +---------+---------+-------+---------+---------+-------+---------
           D:1 |       0 |      35 |   0.0 |       0 |      17 |   0.0 |   992
           D:2 |       0 |      18 |   0.0 |       0 |       5 |   0.0 |   307
           D:3 |       0 |      88 |   0.0 |       0 |      10 |   0.0 |   780
           D:4 |       0 |     247 |   0.0 |       0 |      12 |   0.0 |   967
               +---------+---------+-------+---------+---------+-------+---------
